 Dungeon Crawl Stone Soup version 0.29.0-4-gdea44cf6ec (webtiles) character file.

Game seed: 1774375620766801315

58 qw the Chopper (level 4, 0/24 (26) HPs)
             Began as a Tengu Warper on Aug 28, 2022.
             Slain by a goblin
             ... wielding a +1 dagger of draining
              (2 damage)
             ... on level 3 of the Dungeon.
             The game lasted 00:00:09 (1850 turns).

qw the Chopper (Tengu Warper)                       Turns: 1850, Time: 00:00:10

HP:   0/24 (26)     AC:  0    Str: 13    XL:     4   Next: 2%
MP:   0/8           EV: 12    Int: 14    God:
Gold: 113           SH:  0    Dex: 13    Spells: 7/7 levels left

rFire   . . .      SeeInvis .   Y - +0 hand axe (vorpal)
rCold   . . .      Faith    .   (no shield)
rNeg    . . .      Spirit   +   (no body armour)
rPois   +          Reflect  .   (helmet restricted)
rElec   .          Harm     .   (no cloak)
rCorr   .          Rampage  .   (no gloves)
Will    .....                   (boots unavailable)
Stlth   +.........              l - amulet of guardian spirit
HPRegen 0.08/turn               p - ring of poison resistance
MPRegen 0.11/turn               (no ring)

@: drained
A: beak, talons 3
a: no special abilities


You were on level 3 of the Dungeon.
You visited 1 branch of the dungeon, and saw 3 of its levels.

You collected 113 gold pieces.


Innate Abilities, Weirdness & Mutations

You have a beak for a mouth.
You have claws for feet.


   Skills:
 - Level 2.0 Fighting
 + Level 4.6 Axes
 - Level 1.0 Throwing
 - Level 1.1 Armour
 - Level 2.1 Dodging
 - Level 2.0 Spellcasting
 - Level 2.4 Translocations


You had 7 spell levels left.
You didn't know any spells.
Your spell library contained the following spells:

 Spells                   Type           Power      Damage    Failure   Level
 Blink                    Tloc           16%        N/A       14%         2
 Gell's Gravitas          Tloc           8%         N/A       26%         3
 Lesser Beckoning         Tloc           8%         N/A       26%         3
 Teleport Other           Tloc           8%         N/A       26%         3
 Manifold Assault         Tloc           8%         N/A       94%         5

Inventory:

Hand Weapons
 j - a +0 club
 Y - a +0 vorpal hand axe (weapon)
Missiles
 k - 2 javelins (quivered)
Armour
 b - a +0 plate armour
 r - a +0 scale mail
Jewellery
 l - an amulet of guardian spirit (around neck)
 p - a ring of poison resistance (left hand)
Scrolls
 f - a scroll of identify
 n - 2 scrolls of enchant armour
Potions
 a - a potion of resistance {unknown}
 c - 2 potions of haste
 d - a potion of heal wounds {unknown}
 i - 3 potions of curing
 o - a potion of lignification {unknown}
 q - a potion of attraction {unknown}

Dungeon Overview and Level Annotations

Branches:
Dungeon (3/15)

Altars:
Cheibriados
Kikubaaqudgha

Annotations:
D:3 Terence


Message History

You hit Terence but do no damage.
Terence is lightly wounded.
Terence barely misses you. x2
You hit Terence. Your kick misses Terence.
Terence is moderately wounded.
Terence hits you with a +0 flail!
You hit Terence but do no damage. Your kick misses Terence.
Terence is moderately wounded.
You hit the orc. Terence closely misses you. The orc barely misses you.
You hit Terence but do no damage. Your kick misses Terence.
Terence is moderately wounded.
You barely miss the orc.
The quokka twitches its whiskers.
Terence barely misses you. The orc closely misses you.
You barely miss Terence.
Terence is moderately wounded.
You hit the orc. The orc barely misses you. Terence hits you with a +0 flail.
You slash the orc!
You kill the orc!
You barely miss Terence. Terence closely misses you.
You have reached level 4!
You feel clever.
You closely miss Terence. You peck Terence.
Terence is heavily wounded.
You closely miss the goblin.
The goblin hits you with a +1 dagger of draining.
You feel drained. Terence closely misses you.
You barely miss Terence.
Terence is heavily wounded.
You closely miss the goblin.
The goblin hits you with a +1 dagger of draining.
You feel drained. Terence hits you with a +0 flail.
You hit Terence but do no damage.
Terence is heavily wounded.
You closely miss the goblin. Terence closely misses you.
The goblin hits you with a +1 dagger of draining.
You die...

#...##...<##..#....##.##
#....#.......#####.#.(##
##.....)....## ......
##.......#.# ...###
##......#.# ..#r#
##...###.##### .#####
##.## #.)...##.#w#_# ###
######..@.###.#
#.......@g(.....
#.##...###..#..# ###.
..... #. ...#. ## ....
.... .


You could see a torpor snail, Terence, a quokka and a goblin.

Vanquished Creatures
  An adder (D:2)
  2 worms (D:2)
  2 dart slugs (D:1)
  2 orcs (D:3)
  6 bats
  4 endoplasms
  A giant cockroach (D:1)
  4 goblins
  A hobgoblin (D:1)
  4 kobolds
  A quokka (D:2)
  2 ball pythons (D:2)
  A frilled lizard (D:3)
  3 rats (D:2)
  A spectral goblin (D:2)
35 creatures vanquished.

Notes
Turn   | Place    | Note
-------+----------+-------------------------------------------
     0 | D:1      | qw the Tengu Warper began the quest for the Orb.
     0 | D:1      | Reached XP level 1. HP: 12/12 MP: 4/4
     0 | D:1      | 0 ||| qw: Version: 0.1-a-89-g26bdef1
     0 | D:1      | 0 ||| qw: Game counter: 1026
     0 | D:1      | 0 ||| qw: Always use a shield: true
     0 | D:1      | 0 ||| qw: God list: Okawaru
     0 | D:1      | 0 ||| qw: Allow faded altars: false
     0 | D:1      | 0 ||| qw: Do Orc after D:15 true
     0 | D:1      | 0 ||| qw: Do second Lair branch before Depths: true
     0 | D:1      | 0 ||| qw: Lair rune preference: random
     0 | D:1      | 0 ||| qw: Plans: Normal
     0 | D:1      | 0 ||| PLANNING D:1-11
    26 | D:1      | 26 ||| Stepping ~*~*~tactically~*~*~ (stealth).
    29 | D:1      | 29 ||| Stepping ~*~*~tactically~*~*~ (hiding).
    38 | D:1      | Reached skill level 3 in Axes
    38 | D:1      | Reached XP level 2. HP: 17/17 MP: 6/6
   418 | D:1      | 418 ||| UPGRADING to +0 scale mail.
   428 | D:1      | 428 ||| DROPPING +0 leather armour.
   429 | D:1      | 429 ||| UPGRADING to amulet of guardian spirit.
   434 | D:1      | 434 ||| DROPPING ring of flight.
   435 | D:1      | 435 ||| UPGRADING to ring of poison resistance.
   436 | D:1      | 436 ||| READING scroll labelled QYMYNW OCRIFF.
   440 | D:1      | 440 ||| READING 2 scrolls labelled ADEMID KYEPYPN.
   441 | D:1      | 441 ||| READING scroll labelled FUMMACATEM.
   442 | D:1      | 442 ||| READING 2 scrolls labelled WEYSAG WYFAI.
   443 | D:1      | 443 ||| DRINKING 2 murky grey potions.
   444 | D:1      | 444 ||| DROPPING scroll of blinking.
   532 | D:2      | 532 ||| Stepping ~*~*~tactically~*~*~ (stealth).
   533 | D:2      | 533 ||| READING 2 scrolls of identify.
   533 | D:2      | 533 ||| IDENTIFYING dark potion
   587 | D:2      | Reached XP level 3. HP: 21/21 MP: 7/7
  1075 | D:2      | Reached skill level 4 in Axes
  1345 | D:2      | 1345 ||| READING scroll labelled SODGHI PISCHEPPU.
  1346 | D:2      | 1346 ||| DRINKING 2 brown potions.
  1347 | D:2      | 1347 ||| DROPPING potion of magic.
  1348 | D:2      | 1348 ||| READING scroll of teleportation.
  1426 | D:2      | Found a faded altar of an unknown god.
  1428 | D:2      | 1428 ||| Stepping ~*~*~tactically~*~*~ (stealth).
  1735 | D:3      | Found an ancient bone altar of Kikubaaqudgha.
  1813 | D:3      | Noticed Terence
  1814 | D:3      | 1814 ||| Stepping ~*~*~tactically~*~*~ (stealth).
  1831 | D:3      | Found a snail-covered altar of Cheibriados.
  1831 | D:3      | Noticed a torpor snail
  1833 | D:3      | 1833 ||| UPGRADING to +0 plate armour.
  1848 | D:3      | Reached XP level 4. HP: 8/26 MP: 2/8
  1849 | D:3      | HP: 2/24 [Terence/+0 flail (5)]
  1850 | D:3      | Slain by a goblin

Levels and vault maps discovered:
D:1:      minmay_arrival_diagonal_passages, layout_rooms
D:2:      layout_basic, serial_co_window_serial, co_window_paths_b,
          co_window_corner_a, co_window_paths_b, co_window_corner_a,
          co_window_of_opportunity_a, co_window_unsneaky_path_c,
          co_window_broadway_a, co_window_corner_b, co_window_broadway_c,
          co_window_corner_ca, co_window_2corner, co_window_corner_b,
          co_window_paths_d, glass_columns_a, glass_columns_c, glass_columns_c,
          glass_columns_a, dreamdust_ecumenical_altar_drowned_temple
D:3:      layout_rooms, lemuel_crystal_altar, cheibriados_altar_2,
          nrook_mini_backslash, st_stairs_13, uniq_terence

Skill      XL: |  1  2  3 |
---------------+----------+-----
Axes           | 3 4 |  4.6
Fighting       | |  2.0
Throwing       | |  1.0
Armour         | |  1.1
Dodging        | |  2.1
Spellcasting   | |  2.0
Translocations | |  2.4

Action                   |  1- 3 |  4- 6 || total
-------------------------+-------+-------++-------
Melee: Hand axe          |    56 |     3 ||    59
       Kick              |    15 |       ||    15
       Peck              |     3 |     1 ||     4
Throw: Boomerang         |     7 |       ||     7
       Javelin           |    35 |       ||    35
  Use: Scroll            |     7 |       ||     7
       Potion            |     2 |       ||     2
Armor: Scale mail        |     9 |       ||     9
       Leather armour    |     2 |       ||     2
Dodge: Dodged            |    22 |     2 ||    24

Table legend:
 A = Non-vault XP
 B = Vault XP
 C = Vault XP percentage of total XP
 D = Non-vault monster count
 E = Vault monster count
 F = Vault count percentage of total count
                 A         B        C        D         E       F
            +---------+---------+-------+---------+---------+-------
      Total |      83 |       1 |   1.2 |      34 |       1 |   2.9
            +---------+---------+-------+---------+---------+-------
        D:1 |      24 |       0 |   0.0 |      11 |       0 |   0.0
        D:2 |      43 |       1 |   2.3 |      15 |       1 |   6.2
        D:3 |      16 |       0 |   0.0 |       8 |       0 |   0.0
            +---------+---------+-------+---------+---------+-------
